[Event "Wch u20 girls"]
[Site "Kocaeli"]
[Date "2013.09.23"]
[Round "10.16"]
[White "Xiao, Yiyi"]
[Black "Sviridova, Vlada"]
[Result "1-0"]
[ECO "D46"]
[WhiteElo "2163"]
[BlackElo "2063"]
[PlyCount "113"]
[EventDate "2013.09.??"]
[EventType "swiss"]
[EventRounds "13"]
[EventCountry "TUR"]
[Source "CBase R.Goldau"]
[SourceDate "2000.03.01"]
[TimeControl "40/5400+30:1800+30"]

1. d4 d5 2. c4 c6 3. Nc3 Nf6 4. e3 e6 5. Nf3 Nbd7 6. Qc2 Bd6 7. Be2 dxc4 8.
Bxc4 b5 9. Bd3 Bb7 10. O-O O-O 11. a3 a5 12. Rd1 Qc7 13. e4 e5 14. h3 b4 15. Ne2 c5 16. dxe5 Bxe5 17. Nxe5 Nxe5 18. Bf4 Qe7 19. Bxe5 Qxe5 20. f4 Qe6 21. e5 Qb6 22. Bc4 Ne4 23. f5 Kh8 24. Nf4 Qh6 25.
Rf1 Rae8 26. axb4 Rxe5 27. bxa5 Rxf5 28. a6 Ba8 29. Qc1 Qf6 30. Qe3 Qxb2 31. Nd3 Rxf1+ 32. Rxf1 Qc3 33. Rc1 Qa3 34. Qe1 Qa4 35. Ne5 Nd6 36. Qc3 Nxc4 37. Qxc4 Qa3 38. Qxc5 Qxc5+ 39. Rxc5 f6 40. Nd7 Rd8 41. Nb6 Kg8 42. Rc8 Rxc8 43. Nxc8 Kf7 44. Nb6 Bc6 45. a7 Ke6 46. a8=Q Bxa8 47. Nxa8 Kd6 48. Nb6 Kc6 49. Nc4 Kd5 50. Nd2 Kd4 51. Kf2 Kd3 52. Nb3 Ke4 53. Nc5+ Kd5 54. Nd7 Kd6 55. Nf8 h5 56. Ng6 Kc5 57. Nf4 1-0

[Event "Wch u20 girls"]
[Site "Kocaeli"]
[Date "2013.09.23"]
[Round "10.17"]
[White "Pujari, Rucha"]
[Black "De Seroux, Camille"]
[Result "1/2-1/2"]
[ECO "E62"]
[WhiteElo "2154"]
[BlackElo "2108"]
[PlyCount "237"]
[EventDate "2013.09.??"]
[EventType "swiss"]
[EventRounds "13"]
[EventCountry "TUR"]
[Source "CBase R.Goldau"]
[SourceDate "2000.03.01"]
[TimeControl "40/5400+30:1800+30"]

1. d4 Nf6 2. Nf3 g6 3. g3 Bg7 4. Bg2 O-O 5. O-O d6 6. c4 c6 7. Nc3 Bf5 8.
Ne1 Qc8 9. e4 Bh3 10. f3 Bxg2 11. Kxg2 Nbd7 12. Be3 b5 13. cxb5 cxb5 14. Nxb5 Rb8 15. Nxa7 Rxb2+ 16. Rf2 Qb7 17. d5 Nxd5 18.
exd5 Rxf2+ 19. Bxf2 Bxa1 20. Qxa1 Qxd5 21. a4 Ra8 22. Qb1 Nc5 23. a5 Kg7 24. Qb6 Qd2 25. Kf1 Qd1 26. Nc6 Nb3 27. Qe3 e5 28.
Kg2 Nxa5 29. Qa3 Qd5 30. Nb4 Qb7 31. Qc3 Rc8 32. Qa3 Nc4 33. Qc3 Na5 34. Qd2 Nc4 35. Qc3 d5 36. Nec2 d4 37. Qe1 f6 38. Nd3 Qb3 39. Ncb4 Ra8 40.
g4 g5 41. Qe4 Rf8 42. Qd5 Rf7 43. h4 h6 44. h5 Nd2 45. Qxb3 Nxb3 46. Be1 Rc7 47. Kf1 Kf7 48. Nf2 Rc1 49. Ne4 Nc5 50. Nxc5 Rxc5 51. Ke2 Ke6 52. Nd3 Rc2+ 53. Bd2 Rc5 54. Be1 Rc2+ 55. Bd2 Rc8 56. Nf2 f5 57.
Kd3 f4 58. Ke4 Rc2 59. Kd3 Ra2 60. Ne4 Ra1 61. Bb4 Kf7 62. Nd6+ Kg7 63. Ke4 Rb1 64. Nf5+ Kh7 65. Bd2 Rd1 66. Kd3 Rf1 67. Ke2 Rb1 68. Ba5 Rb5 69. Be1 Rb3 70. Bd2 Ra3 71. Nd6 Ra4 72. Kd3 Ra3+ 73. Ke4 Ra2 74. Nc4 Ra1 75. Nxe5 Rd1 76. Nc4 Rf1 77. Ne5 Rd1 78. Kd3 Kg7 79.
Nc6 Kh7 80. Nxd4 Kg7 81. Ke2 Rb1 82. Bc3 Kh7 83. Nf5 Rb7 84. Kd3 Rc7 85. Be5 Ra7 86. Ke4 Ra5 87. Nd4 Kg8 88. Nf5 Kh7 89. Bf6 Rb5 90. Nd4 Ra5 91. Be5 Ra7 92. Kd5 Ra6 93. Bd6 Ra4 94. Bf8 Ra8 95. Ne6 Rb8 96.
Ke5 Rb3 97. Nd4 Rb8 98. Bd6 Rb6 99. Ke6 Ra6 100. Nf5 Ra8 101. Kf7 Ra7+ 102. Be7 Rb7 103. Nd4 Ra7 104. Ne6 Rb7 105. Nf8+ Kh8 106.
Ng6+ Kh7 107. Ne5 Ra7 108. Nc6 Rb7 109. Nd4 Ra7 110. Ne6 Rb7 111. Kf6 Ra7 112. Bc5 Rb7 113. Nf8+ Kg8 114. Kg6 Rc7 115. Ne6 Rc6 116. Kf6 Ra6 117. Bf8 Kh7 118. Kf7 Ra7+ 119. Be7 1/2-1/2

[Event "Wch u20 girls"]
[Site "Kocaeli"]
[Date "2013.09.23"]
[Round "10.18"]
[White "Derakhshani, Dorsa"]
[Black "Ivana Maria, Furtado"]
[Result "0-1"]
[ECO "C02"]
[WhiteElo "2078"]
[BlackElo "2134"]
[PlyCount "56"]
[EventDate "2013.09.??"]
[EventType "swiss"]
[EventRounds "13"]
[EventCountry "TUR"]
[Source "CBase R.Goldau"]
[SourceDate "2000.03.01"]
[TimeControl "40/5400+30:1800+30"]

1. e4 e6 2. d4 d5 3. e5 c5 4. c3 Nc6 5. Nf3 Qb6 6. a3 Nh6 7. b4 cxd4 8. cxd4 Nf5 9. Bb2 Bd7 10. g4 Nfe7 11. Nc3 Na5 12. Nd2 Ng6 13. h4 Be7 14. h5 Nf4 15.
Rc1 Rc8 16. Qf3 Bg5 17. Rc2 O-O 18. bxa5 Qxd4 19. Nd1 Qa4 20.
Rc3 d4 21. Rxc8 Rxc8 22. Bd3 Nxd3+ 23. Qxd3 Bb5 24. Qxd4 Rd8 25.
Qxd8+ Bxd8 26. Nc3 Qd4 27. Nf3 Qxg4 28. Nxb5 Bxa5+ 0-1

[Event "Wch u20 girls"]
[Site "Kocaeli"]
[Date "2013.09.23"]
[Round "10.20"]
[White "Bezgodova, Maria"]
[Black "Assaubayeva, Bibissara"]
[Result "1-0"]
[ECO "B70"]
[WhiteElo "2172"]
[BlackElo "1761"]
[PlyCount "143"]
[EventDate "2013.09.??"]
[EventType "swiss"]
[EventRounds "13"]
[EventCountry "TUR"]
[Source "CBase R.Goldau"]
[SourceDate "2000.03.01"]
[TimeControl "40/5400+30:1800+30"]

1. e4 c5 2. Nf3 d6 3. d4 cxd4 4. Nxd4 Nf6 5. Nc3 g6 6. Be2 Bg7 7. O-O O-O 8.
Bg5 Nc6 9. Nb3 a6 10. Re1 b5 11. Bf1 Bb7 12. Qd2 Ne5 13. Nd5 Bxd5 14. exd5 Rc8 15. c3 Qc7 16. Nd4 Qc5 17. a4 Qxd5 18. axb5 axb5 19. Nxb5 Qxd2 20. Bxd2 Ra8 21. Nd4 Rxa1 22. Rxa1 Ne4 23. Be1 Nc5 24. b4 Ncd3 25. Bd2 Rc8 26. b5 Nc5 27. f4 Ned7 28. Ra7 Bf6 29. g3 Nb6 30.
Nc6 Kf8 31. c4 Ke8 32. Ba5 Ncd7 33. Ra6 Na4 34. Bg2 Ndc5 35. Ra7 Nd7 36. Bd2 Nab6 37. Bf1 Nc5 38. Be3 Ncd7 39. Ra6 Na8 40. b6 Ndxb6 41. Bxb6 Nxb6 42. Rxb6 Kd7 43. Bg2 Rc7 44. Kf1 e6 45. Ke2 h6 46. Kd3 g5 47. f5 g4 48. Rb8 Rxc6 49. Bxc6+ Kxc6 50. Rf8 exf5 51. Rxf7 Bg5 52. Rxf5 Kd7 53. Ke4 Ke6 54. Ra5 Bf6 55. Kf4 Bc3 56. Rb5 Be5+ 57. Kxg4 Kf7 58. Kh5 Bg7 59. Rf5+ Ke6 60. Kg6 Bd4 61. Rf1 Bc3 62. Kxh6 Ke5 63. Rd1 Ke6 64. g4 Be5 65. h4 Kf7 66. Kh7 Kf8 67. Rf1+ Ke7 68. g5 Kd7 69. g6 Kc6 70. g7 Bxg7 71. Kxg7 Kc5 72. Rh1 1-0

[Event "Wch u20 girls"]
[Site "Kocaeli"]
[Date "2013.09.23"]
[Round "10.21"]
[White "Karabayeva, Zhanna"]
[Black "Saranya, J."]
[Result "0-1"]
[ECO "B23"]
[WhiteElo "2029"]
[BlackElo "2094"]
[PlyCount "66"]
[EventDate "2013.09.??"]
[EventType "swiss"]
[EventRounds "13"]
[EventCountry "TUR"]
[Source "CBase R.Goldau"]
[SourceDate "2000.03.01"]
[TimeControl "40/5400+30:1800+30"]

1. e4 c5 2. Nc3 d6 3. f4 Nc6 4. Bb5 Bd7 5. Bxc6 Bxc6 6. Nf3 g6 7. O-O Bg7 8.
d3 Qc7 9. Qe1 O-O-O 10. Rb1 e6 11. b4 cxb4 12. Rxb4 d5 13. e5 Bf8 14. Rb1 Bc5+ 15. Kh1 Nh6 16. d4 Bb6 17. Nb5 Bxb5 18. Rxb5 Nf5 19. c3 h5 20. Ba3 a6 21. Rb3 h4 22. Kg1 Ba7 23. Rf2 Rd7 24. Rfb2 Qc6 25.
Qf2 Kb8 26. Ne1 Qc4 27. Bc5 Bxc5 28. dxc5 Rc8 29. Kh1 Qxc5 30.
Qe2 Ng3+ 31. hxg3 hxg3 32. Qg4 Rh8+ 33. Qh3 Qe3 0-1

[Event "Wch u20 girls"]
[Site "Kocaeli"]
[Date "2013.09.23"]
[Round "10.22"]
[White "Iwanow, Anna"]
[Black "Anu, Bayar"]
[Result "1-0"]
[ECO "B38"]
[WhiteElo "2210"]
[BlackElo "2012"]
[PlyCount "67"]
[EventDate "2013.09.??"]
[EventType "swiss"]
[EventRounds "13"]
[EventCountry "TUR"]
[Source "CBase R.Goldau"]
[SourceDate "2000.03.01"]
[TimeControl "40/5400+30:1800+30"]

1. e4 c5 2. Nf3 g6 3. d4 cxd4 4. Nxd4 Bg7 5. c4 Nc6 6. Be3 Nf6 7. Nc3 d6 8.
Be2 O-O 9. O-O a5 10. Kh1 Nd7 11. Ndb5 b6 12. Qd2 Nc5 13. Rad1 Be6 14. Bh6 Ne5 15. Bxg7 Kxg7 16. f4 Nc6 17. f5 Bc8 18. f6+ exf6 19. Nxd6 Be6 20. Qf4 Qe7 21. Nd5 Bxd5 22. exd5 Ne5 23. Nb5 Ned7 24. Bf3 Qe5 25. Qd2 Ne4 26. Bxe4 Qxe4 27. Rf4 Qe7 28. d6 Qe5 29. Qf2 Rae8 30. Nc7 Qe2 31. Nxe8+ Rxe8 32. Qxe2 Rxe2 33. Kg1 Rxb2 34. Re4 1-0

[Event "Wch u20 girls"]
[Site "Kocaeli"]
[Date "2013.09.23"]
[Round "10.23"]
[White "Firat, Deniz"]
[Black "Juhasz, Barbara"]
[Result "0-1"]
[ECO "E69"]
[WhiteElo "1664"]
[BlackElo "2169"]
[PlyCount "116"]
[EventDate "2013.09.??"]
[EventType "swiss"]
[EventRounds "13"]
[EventCountry "TUR"]
[Source "CBase R.Goldau"]
[SourceDate "2000.03.01"]
[TimeControl "40/5400+30:1800+30"]

1. d4 Nf6 2. c4 g6 3. Nf3 Bg7 4. g3 O-O 5. Bg2 d6 6. O-O Nbd7 7. Nc3 e5 8. e4 c6 9. h3 Qb6 10. Re1 exd4 11. Nxd4 Re8 12. Re2 Qb4 13. Rc2 Nc5 14. f3 a5 15.
Be3 a4 16. Rb1 Ne6 17. b3 axb3 18. axb3 Nh5 19. g4 Nhf4 20. Nxe6 Nxe6 21. Na4 Bd4 22. Bxd4 Nxd4 23. Qxd4 Rxa4 24. Rbb2 Ra3 25. Rc3 Qc5 26. Qxc5 dxc5 27. f4 Rd8 28. Kf2 f6 29. f5 Kf7 30. Ke3 Re8 31. Kf4 Rd8 32. Ke3 Ke7 33. h4 gxf5 34. exf5 h5 35. gxh5 Bxf5 36. Bf3 Rd4 37. Rg2 Rxh4 38. Rg7+ Kd6 39. Rxb7 Ra1 40. Rf7 Ke5 41. Re7+ Be6 42. Kf2 Ra2+ 43. Kg1 Kd4 44. Rc1 Rf4 45. Rxe6 Rxf3 46. Rxc6 f5 47. Rd1+ Ke4 48. Rxc5 Rg3+ 49. Kf1 f4 50. Rcd5 Rxb3 51. h6 Rh2 52.
R5d2 Rxh6 53. Rd4+ Ke3 54. Rd8 Rc3 55. R8d4 f3 56. Kg1 f2+ 57.
Kf1 Rh1+ 58. Kg2 Rg1+ 0-1

[Event "Wch u20 girls"]
[Site "Kocaeli"]
[Date "2013.09.23"]
[Round "10.24"]
[White "Monnisha, Gk"]
[Black "Armas, Lena"]
[Result "1-0"]
[ECO "B01"]
[WhiteElo "2094"]
[BlackElo "1920"]
[PlyCount "63"]
[EventDate "2013.09.??"]
[EventType "swiss"]
[EventRounds "13"]
[EventCountry "TUR"]
[Source "CBase R.Goldau"]
[SourceDate "2000.03.01"]
[TimeControl "40/5400+30:1800+30"]

1. e4 d5 2. exd5 Qxd5 3. Nc3 Qd6 4. d4 Nf6 5. Bc4 a6 6. a4 Nc6 7. Nge2 e5 8. d5 Ne7 9. b3 Bf5 10. Ng3 Bg6 11. Ba3 c5 12. Qd2 Rd8 13.
O-O-O Nf5 14. Nxf5 Bxf5 15. f3 g6 16. Kb1 Bg7 17. g4 Bd7 18.
g5 Nh5 19. Ne4 Qc7 20. Bxc5 b6 21. Ba3 Bxa4 22. d6 Qd7 23. bxa4 O-O 24. Bb3 a5 25. Qd5 Kh8 26. Qb5 f5 27. gxf6 Nxf6 28. Nxf6 Rxf6 29. Qxd7 Rxd7 30. Rhe1 Rxf3 31. Rf1 Rc3 32. Ka2 1-0

[Event "Wch u20 girls"]
[Site "Kocaeli"]
[Date "2013.09.23"]
[Round "10.25"]
[White "Kuchava, Ana"]
[Black "Urbonaviciute, Zivile"]
[Result "1-0"]
[ECO "D47"]
[WhiteElo "2092"]
[BlackElo "1826"]
[PlyCount "105"]
[EventDate "2013.09.??"]
[EventType "swiss"]
[EventRounds "13"]
[EventCountry "TUR"]
[Source "CBase R.Goldau"]
[SourceDate "2000.03.01"]
[TimeControl "40/5400+30:1800+30"]

1. d4 d5 2. Nf3 Nf6 3. c4 c6 4. Nc3 e6 5. e3 Nbd7 6. Bd3 Be7 7. O-O dxc4 8.
Bxc4 b5 9. Bd3 a6 10. e4 c5 11. e5 Nd5 12. Nxd5 exd5 13. Re1 O-O 14. Bb1 Re8 15. dxc5 Nxc5 16. Nd4 Bf8 17. f4 g6 18. Kh1 Qh4 19. Nf3 Qd8 20. Be3 Ne4 21. Bd4 Bh6 22. g3 Bb7 23. Nd2 f5 24. exf6 Nxf6 25.
Rxe8+ Nxe8 26. Nf3 Nd6 27. Ne5 Ne4 28. Kg2 Bg7 29. Bd3 Rc8 30.
Rc1 Nd6 31. h4 Nc4 32. b3 Nxe5 33. fxe5 Qe7 34. Rxc8+ Bxc8 35. Qc1 Qe6 36. Qf4 Bd7 37. Qg5 Qh3+ 38. Kg1 Qe6 39. h5 gxh5 40. Qxh5 Bh6 41. Kh2 Bc8 42. g4 Bf4+ 43. Kh3 Qe7 44. b4 Be6 45. Bf5 Qd7 46. Kg2 Qf7 47.
Qh4 h6 48. Qd8+ Kg7 49. Qb6 Be3 50. Bxe3 Bxf5 51. Qxh6+ Kg8 52.
gxf5 Qxf5 53. Qg5+ 1-0

[Event "Wch u20 girls"]
[Site "Kocaeli"]
[Date "2013.09.23"]
[Round "10.26"]
[White "Liu, Hongyan"]
[Black "Adanmis, Ezgi"]
[Result "1-0"]
[ECO "E11"]
[WhiteElo "2065"]
[BlackElo "1499"]
[PlyCount "67"]
[EventDate "2013.09.??"]
[EventType "swiss"]
[EventRounds "13"]
[EventCountry "TUR"]
[Source "CBase R.Goldau"]
[SourceDate "2000.03.01"]
[TimeControl "40/5400+30:1800+30"]

1. d4 Nf6 2. c4 e6 3. g3 Bb4+ 4. Bd2 Qe7 5. Bg2 O-O 6. a3 Bxd2+ 7. Nxd2 d5 8. Ngf3 Nbd7 9. O-O b6 10. Rc1 Bb7 11. cxd5 Nxd5 12. e4 N5f6 13. Rxc7 Ba6 14. Re1 Rfc8 15. Rxc8+ Rxc8 16. Qa4 Nb8 17. e5 Nd5 18. Ne4 Rc4 19. Qd1 Qc7 20. Nd6 Rc6 21. Ng5 Qe7 22. Bxd5 exd5 23. e6 f6 24. Ngf7 Rxd6 25. Nxd6 Qxd6 26. e7 Bb5 27. e8=Q+ Bxe8 28. Rxe8+ Kf7 29. Re1 g6 30. Qc1 Kg7 31. Qc8 Nd7 32. Qd8 Qc6 33.
Re7+ Kh6 34. Qxd7 1-0

[Event "Wch u20 girls"]
[Site "Kocaeli"]
[Date "2013.09.23"]
[Round "10.27"]
[White "Savant, Riya"]
[Black "Krumova, Ani"]
[Result "1/2-1/2"]
[ECO "E60"]
[WhiteElo "1960"]
[BlackElo "1993"]
[PlyCount "64"]
[EventDate "2013.09.??"]
[EventType "swiss"]
[EventRounds "13"]
[EventCountry "TUR"]
[Source "CBase R.Goldau"]
[SourceDate "2000.03.01"]
[TimeControl "40/5400+30:1800+30"]

1. d4 Nf6 2. c4 g6 3. g3 Bg7 4. Bg2 O-O 5. Nf3 d6 6. O-O Na6 7. b3 c5 8. Bb2 Rb8 9. Nbd2 cxd4 10. Nxd4 Nc5 11. b4 Ne6 12. Qa4 a6 13. Nxe6 Bxe6 14. Rfd1 Qc8 15. Rac1 Bh3 16. Bf3 Bg4 17. c5 Bxf3 18. Nxf3 dxc5 19. Rxc5 Qg4 20. Qb3 Rbd8 21. Rxd8 Rxd8 22. Ne5 Qe6 23. Qxe6 fxe6 24. Rc7 b6 25. Rxe7 Rd2 26. Bc3 Rxe2 27. Rb7 Nd7 28. Nxd7 Bxc3 29. Rxb6 Rxa2 30. Nc5 Bd4 31. Rxe6 Rxf2 32. Kh1 Bxc5 1/2-1/2

[Event "Wch u20 girls"]
[Site "Kocaeli"]
[Date "2013.09.23"]
[Round "10.29"]
[White "Edes, Zsofia"]
[Black "Anjana Krishna, S."]
[Result "1/2-1/2"]
[ECO "D36"]
[WhiteElo "2044"]
[BlackElo "1881"]
[PlyCount "50"]
[EventDate "2013.09.??"]
[EventType "swiss"]
[EventRounds "13"]
[EventCountry "TUR"]
[Source "CBase R.Goldau"]
[SourceDate "2000.03.01"]
[TimeControl "40/5400+30:1800+30"]

1. d4 d5 2. c4 e6 3. Nc3 Nf6 4. cxd5 exd5 5. Bg5 Be7 6. e3 O-O 7. Qc2 c6 8. Bd3 Nbd7 9. Nge2 Re8 10. O-O Nf8 11. Rae1 Ng6 12. Ng3 Ng4 13. Bxe7 Rxe7 14. Nd1 Re8 15. f3 Nxh2 16. Rf2 Qh4 17. Nf5 Bxf5 18.
Bxf5 Nf4 19. Qd2 Qg3 20. Kh1 Nh5 21. Nc3 Rad8 22. Kg1 Nf4 23. Kh1 Nh5 24. Kg1 Nf4 25. Kh1 Nh5 1/2-1/2

[Event "Wch u20 girls"]
[Site "Kocaeli"]
[Date "2013.09.23"]
[Round "10.30"]
[White "Aslan, Cagla Yaren"]
[Black "Leonardi, Caterina"]
[Result "0-1"]
[ECO "A05"]
[WhiteElo "1697"]
[BlackElo "1944"]
[PlyCount "68"]
[EventDate "2013.09.??"]
[EventType "swiss"]
[EventRounds "13"]
[EventCountry "TUR"]
[Source "CBase R.Goldau"]
[SourceDate "2000.03.01"]
[TimeControl "40/5400+30:1800+30"]

1. e4 g6 2. g3 Bg7 3. Bg2 c5 4. Nf3 Nc6 5. d3 d6 6. O-O Nf6 7. Nbd2 O-O 8. Nc4 Bg4 9. Ne3 Bd7 10. h4 b5 11. Nh2 Rb8 12. f4 Qc8 13. f5 Ne5 14. g4 Kh8 15.
g5 Nh5 16. Nd5 Qd8 17. Qe1 f6 18. Bh3 Bc6 19. Ng4 fxg5 20. Bxg5 Bxd5 21. exd5 Qe8 22. c3 Nxd3 23. Qe6 c4 24. Ne3 h6 25. Bxe7 Nhf4 26. Qxd6 Nxh3+ 27. Kg2 Be5 28. Qa3 Nhf4+ 29. Kg1 gxf5 30. Bxf8 Qg6+ 31. Kh1 Qg3 32. Bg7+ Kh7 33. Rae1 Qxh4+ 34. Kg1 Nh3+ 0-1

[Event "Wch u20 girls"]
[Site "Kocaeli"]
[Date "2013.09.24"]
[Round "11.1"]
[White "Bulmaga, Irina"]
[Black "Padmini, Rout"]
[Result "0-1"]
[ECO "B51"]
[WhiteElo "2410"]
[BlackElo "2312"]
[PlyCount "114"]
[EventDate "2013.09.??"]
[EventType "swiss"]
[EventRounds "13"]
[EventCountry "TUR"]
[Source "CBase R.Goldau"]
[SourceDate "2000.03.01"]
[TimeControl "40/5400+30:1800+30"]

1. e4 c5 2. Nf3 Nc6 3. Bb5 d6 4. Bxc6+ bxc6 5. O-O Bg4 6. h3 Bh5 7. Re1 Nf6 8. d3 e6 9. Nbd2 Nd7 10. Nc4 Be7 11. Bf4 Nb6 12. Ncd2 O-O 13.
e5 d5 14. c4 Bg6 15. Qb3 a5 16. Rac1 a4 17. Qa3 Re8 18. d4 cxd4 19. c5 d3 20. Nd4 Qc8 21. Bh2 Nd7 22. f4 Qa6 23. Kh1 Rec8 24. f5 Bxf5 25.
Nxf5 exf5 26. Bg1 Qb5 27. Bd4 Nf8 28. Re3 Ne6 29. Rxd3 Nf4 30.
Rcc3 Nxd3 31. Rxd3 Ra5 32. Qc3 Bxc5 33. e6 Bxd4 34. exf7+ Kxf7 35. Qxd4 Qc5 36. Qh4 Kg8 37. Nf3 Re8 38. Ng5 h6 39. Qh5 Qf8 40.
Nf3 Rc5 41. Qg6 Qf7 42. Qd6 Qe7 43. Qg3 Rc2 44. Rd4 Rc4 45. Rd1 f4 46. Qg4 Qf6 47. b3 Rc2 48. bxa4 Rxa2 49. Rb1 Kh7 50. Qd7 Ree2 51. Rg1 Rxa4 52. Rc1 Ra1 53. Rxa1 Qxa1+ 54. Ng1 Re1 55. Qf5+ g6 56. Qd7+ Qg7 57. Qxc6 Qa7 0-1

[Event "Wch u20 girls"]
[Site "Kocaeli"]
[Date "2013.09.24"]
[Round "11.2"]
[White "Cori T, Deysi"]
[Black "Goryachkina, Aleksandra"]
[Result "0-1"]
[ECO "D11"]
[WhiteElo "2434"]
[BlackElo "2409"]
[PlyCount "76"]
[EventDate "2013.09.??"]
[EventType "swiss"]
[EventRounds "13"]
[EventCountry "TUR"]
[Source "CBase R.Goldau"]
[SourceDate "2000.03.01"]
[TimeControl "40/5400+30:1800+30"]

1. d4 d5 2. Nf3 Nf6 3. c4 c6 4. Nbd2 Bf5 5. g3 e6 6. Bg2 h6 7. O-O Nbd7 8.
b3 Bd6 9. Bb2 O-O 10. Ne5 Qc7 11. Nxd7 Qxd7 12. f3 Rfe8 13. c5 Bc7 14. e4 dxe4 15. fxe4 Bg4 16. Qc1 e5 17. d5 Nxd5 18. exd5 cxd5 19. Qc3 f5 20. Nf3 Kh7 21. Rae1 d4 22. Qd3 Rad8 23. Nh4 g6 24. h3 e4 25.
Rxe4 fxe4 26. Bxe4 Bxh3 27. Bxg6+ Kh8 28. Bxe8 Bxf1 29. Qd2 Rxe8 30. Qxh6+ Kg8 31. Qg6+ Kf8 32. Qf6+ Kg8 33.
Bxd4 Qg4 34. Nf5 Bf4 35. Qh8+ Kf7 36. Qf6+ Kg8 37. Qh8+ Kf7 38.
Qf6+ Kg8 0-1

[Event "Wch u20 girls"]
[Site "Kocaeli"]
[Date "2013.09.24"]
[Round "11.3"]
[White "Arabidze, Meri"]
[Black "Medina, Warda Aulia"]
[Result "1/2-1/2"]
[ECO "E43"]
[WhiteElo "2332"]
[BlackElo "2301"]
[PlyCount "161"]
[EventDate "2013.09.??"]
[EventType "swiss"]
[EventRounds "13"]
[EventCountry "TUR"]
[Source "CBase R.Goldau"]
[SourceDate "2000.03.01"]
[TimeControl "40/5400+30:1800+30"]

1. d4 Nf6 2. c4 e6 3. Nf3 b6 4. Nc3 Bb4 5. e3 O-O 6. Bd3 Bb7 7. O-O Bxc3 8.
bxc3 d6 9. Nd2 Nbd7 10. f3 Qe7 11. Re1 e5 12. e4 Nh5 13. g3 g6 14. Nf1 Ng7 15.
Ne3 f5 16. exf5 gxf5 17. Nd5 Bxd5 18. cxd5 Kh8 19. Bb5 Nf6 20.
dxe5 dxe5 21. c4 Rad8 22. Qb3 Nfe8 23. Bb2 e4 24. Bc6 Nd6 25.
Kh1 h6 26. a4 a5 27. Qc3 Kh7 28. Rac1 Rf7 29. c5 bxc5 30. f4 Rb8 31. Ba1 Nh5 32. Qxa5 Rg8 33. Re3 Nf6 34. Qxc5 Ng4 35. Kg1 Nxe3 36. Qxe3 Nc8 37. a5 Qb4 38. a6 Qa5 39. Bb7 Nd6 40. Bc3 Qb5 41. Qa7 Qd3 42. Be5 e3 43. Qd4 Qe2 44. Rf1 Ne4 45. Qd1 Qa2 46. Qf3 Nd2 47. Qh5 Rff8 48. Re1 Nc4 49. Qe2 Qb3 50. Bxc7 Rf6 51. Rc1 Nd6 52. Bc6 Qa3 53. Re1 Ne4 54. Qxe3 Qxa6 55. Be5 Rf7 56. Ra1 Qc4 57. Rc1 Qb4 58. Rd1 Qc4 59. Rc1 Qb4 60. Ra1 Qc4 61. Ra4 Qc2 62.
Ra1 Qc4 63. Re1 Rc8 64. Qe2 Qc5+ 65. Qe3 Qc4 66. Rc1 Qb4 67. Rd1 Qc4 68. Qd4 Qe2 69. Rf1 Nd2 70. Qf2 Qxf1+ 71. Qxf1 Nxf1 72. Kxf1 Kg6 73. Ke2 Ra7 74. Ke3 Ra2 75. Kd4 Rc2 76. Bb7 Rd2+ 77. Ke3 Rcc2 78. d6 Re2+ 79. Kd3 Red2+ 80. Ke3 Re2+ 81. Kd3 1/2-1/2

[Event "Wch u20 girls"]
[Site "Kocaeli"]
[Date "2013.09.24"]
[Round "11.4"]
[White "Hejazipour, Mitra"]
[Black "Kashlinskaya, Alina"]
[Result "1/2-1/2"]
[ECO "A58"]
[WhiteElo "2256"]
[BlackElo "2390"]
[PlyCount "94"]
[EventDate "2013.09.??"]
[EventType "swiss"]
[EventRounds "13"]
[EventCountry "TUR"]
[Source "CBase R.Goldau"]
[SourceDate "2000.03.01"]
[TimeControl "40/5400+30:1800+30"]

1. d4 Nf6 2. Nf3 g6 3. c4 Bg7 4. g3 c5 5. d5 b5 6. cxb5 a6 7. bxa6 d6 8. Nc3 O-O 9. Bg2 Nbd7 10. O-O Nb6 11. e4 Bxa6 12. Re1 Nfd7 13. Qc2 Nc4 14. Nd2 Nce5 15. Bf1 c4 16. b4 cxb3 17. axb3 Bxf1 18. Rxa8 Qxa8 19. Rxf1 Rc8 20. Bb2 Qa6 21. Ba1 Nc5 22. Qb1 h5 23. Na4 Ncd3 24. Nb2 Nc5 25. Na4 Nxa4 26. bxa4 Qxa4 27. Bxe5 Bxe5 28. Rc1 Rxc1+ 29. Qxc1 h4 30. Qc8+ Kg7 31. Qg4 Qc2 32. Nf3 Qb1+ 33. Kg2 h3+ 34. Qxh3 Qxe4 35. Qh4 Qxh4 36. Nxh4 Kf6 37. f4 Bc3 38. Kf3 e6 39. dxe6 fxe6 40. Ke4 g5 41. Ng2 d5+ 42. Kf3 Bd2 43. Kg4 gxf4 44. gxf4 Ba5 45. Ne3 Bb6 46. Ng2 Bf2 47. h3 Bb6 1/2-1/2

[Event "Wch u20 girls"]
[Site "Kocaeli"]
[Date "2013.09.24"]
[Round "11.5"]
[White "Abdumalik, Zhansaya"]
[Black "Ibrahimova, Sabina"]
[Result "1-0"]
[ECO "B76"]
[WhiteElo "2277"]
[BlackElo "2168"]
[PlyCount "53"]
[EventDate "2013.09.??"]
[EventType "swiss"]
[EventRounds "13"]
[EventCountry "TUR"]
[Source "CBase R.Goldau"]
[SourceDate "2000.03.01"]
[TimeControl "40/5400+30:1800+30"]

1. e4 c5 2. Nf3 d6 3. d4 cxd4 4. Nxd4 Nf6 5. Nc3 g6 6. Be3 Bg7 7. f3 O-O 8.
Qd2 Nc6 9. g4 Be6 10. O-O-O Ne5 11. Be2 Rc8 12. h4 Bc4 13. h5 Qa5 14. Bh6 Bxe2 15. Bxg7 Nxf3 16. Qf4 Bxd1 17. Bxf6 Rxc3 18. hxg6 fxg6 19. Qh6 Rf7 20. Qxg6+ Kf8 21. Ne6+ Ke8 22. Qg8+ Kd7 23.
Bxc3 Qb6 24. Qxf7 Qe3+ 25. Kxd1 Qxe4 26. Nc5+ dxc5 27. Qf5+ 1-0

[Event "Wch u20 girls"]
[Site "Kocaeli"]
[Date "2013.09.24"]
[Round "11.6"]
[White "Saduakassova, Dinara"]
[Black "Khademalsharieh, Sarasadat"]
[Result "1-0"]
[ECO "E32"]
[WhiteElo "2326"]
[BlackElo "2303"]
[PlyCount "59"]
[EventDate "2013.09.??"]
[EventType "swiss"]
[EventRounds "13"]
[EventCountry "TUR"]
[Source "CBase R.Goldau"]
[SourceDate "2000.03.01"]
[TimeControl "40/5400+30:1800+30"]

1. d4 Nf6 2. c4 e6 3. Nc3 Bb4 4. Qc2 O-O 5. e4 d6 6. Bd3 e5 7. d5 c5 8.
Nge2 Nbd7 9. f3 Ne8 10. Bd2 a6 11. g4 Qc7 12. a4 Qd8 13. Ng3 Rb8 14. h4 Nc7 15. Nf5 Nf6 16. h5 Bxc3 17. Qxc3 b5 18. b3 bxc4 19. Bxc4 Bxf5 20. gxf5 h6 21. Kf2 Nd7 22. Rag1 Kh7 23. Qe3 Qf6 24. Rg4 Nb6 25. Be2 Rb7 26. Kf1 Nd7 27. Rhg1 Rg8 28. R1g2 Ra7 29. Qg1 Raa8 30. Be1 1-0

[Event "Wch u20 girls"]
[Site "Kocaeli"]
[Date "2013.09.24"]
[Round "11.7"]
[White "Fronda, Jan Jodilyn"]
[Black "Rodriguez Rueda, Paula Andrea"]
[Result "0-1"]
[ECO "B53"]
[WhiteElo "2038"]
[BlackElo "2228"]
[PlyCount "132"]
[EventDate "2013.09.??"]
[EventType "swiss"]
[EventRounds "13"]
[EventCountry "TUR"]
[Source "CBase R.Goldau"]
[SourceDate "2000.03.01"]
[TimeControl "40/5400+30:1800+30"]

1. e4 c5 2. Nf3 d6 3. d4 cxd4 4. Qxd4 a6 5. c4 Nc6 6. Qd2 g6 7. b3 Nf6 8. Nc3
Bg7 9. Bb2 O-O 10. h3 Qa5 11. Nd5 Nxe4 12. Qxa5 Nxa5 13. Nxe7+ Kh8 14. Bxg7+
Kxg7 15. Nxc8 Raxc8 16. Bd3 Nc5 17. Be2 Rfe8 18. Rd1 Nc6 19. Nd4 Nxd4 20. Rxd4
Re7 21. Kd2 Ne4+ 22. Rxe4 Rxe4 23. Bf3 Re7 24. a4 Rb8 25. b4 Kf8 26. Kc3 Rc7
27. Kd4 Ke7 28. Bd5 Re8 29. a5 Kd8 30. Bf3 Kc8 31. Rb1 Re5 32. Rb2 Kb8 33. Rb1
f6 34. Rb2 h6 35. Rb1 Rf5 36. Rc1 Ka7 37. Rc2 Re5 38. Rb2 b5 39. axb6+ Kxb6 40.
c5+ Ka7 41. c6 Kb6 42. Kc4 Rc8 43. Rd2 Rd8 44. Bd5 Re1 45. Bf3 Rc1+ 46. Kb3 Kc7
47. Re2 d5 48. Rd2 Kxc6 49. Kb2 Rc4 50. Kb3 Rf4 51. Rc2+ Kb6 52. Rc5 Rf5 53.
Ka4 Re5 54. Kb3 h5 55. Ka4 Rd6 56. Rc8 Re7 57. Rg8 f5 58. h4 Red7 59. Be2 d4
60. Bd3 Rc7 61. Rb8+ Ka7 62. Rg8 Rc3 63. Be2 d3 64. Bf3 d2 65. Ra8+ Kb6 66. Rg8
Rxf3 0-1